 Dungeon Crawl Stone Soup version 0.30-a0-721-ga6a225cb13 (webtiles) character file.

Game seed: 17515953242122996449

16 MackTheKnife the Sneak (level 2, 0/13 HPs)
             Began as a Felid Wanderer on Jan 27, 2023.
             Was a Follower of Nemelex Xobeh.
             Succumbed to a scorpion's poison
             ... on level 2 of the Dungeon.
             The game lasted 00:01:47 (1044 turns).

MackTheKnife the Sneak (Felid Wanderer)             Turns: 1044, Time: 00:01:48

Health: 0/13       AC:  1    Str:  7    XL:     2   Next: 37%
Magic:  6/6        EV: 15    Int: 12    God:    Nemelex Xobeh [*.....]
Gold:   83         SH:  0    Dex: 17    Spells: 4/5 levels left
                                        Lives:  0   Deaths: 0

rFire   . . .      SeeInvis +    (weapon unavailable)
rCold   . . .      Faith    .    (shield unavailable)
rNeg    . . .      Spirit   .    (body armour unavailable)
rPois   .          Reflect  .    (helmet unavailable)
rElec   .          Harm     .    (cloak unavailable)
rCorr   .          Rampage  .    (gloves unavailable)
Will    .....                    (boots unavailable)
Stlth   +++                      (no amulet)
HPRegen 0.22/turn                (no ring)
MPRegen 0.10/turn                (no ring)

@: lethally poisoned (0 -> -2), quick
A: very small, claws 1, fangs 3, see invisible, speed 1, shaggy fur 1, stealthy
paws, no weapons or thrown items, no armour, multi-lived
a: Renounce Religion, Draw Escape, Draw Destruction, Draw Summoning


You were on level 2 of the Dungeon.
You worshipped Nemelex Xobeh.
Nemelex Xobeh was aware of your devotion.
You visited 1 branch of the dungeon, and saw 2 of its levels.

You collected 83 gold pieces.


Innate Abilities, Weirdness & Mutations

You have sharp claws.
You have razor-sharp teeth.
You have supernaturally acute eyesight. (SInv)
You cover ground quickly. (Speed+)
You are covered in fur. (AC +1)
Your paws help you pounce on unaware monsters.
You are incapable of wielding weapons or throwing items.
You cannot wear armour.
You gain extra lives every three experience levels.


   Skills:
 - Level 2.0 Fighting
 + Level 0.2 Dodging
 + Level 4.3 Stealth
 - Level 2.0 Spellcasting
 - Level 2.6 Earth Magic
 - Level 1.1 Evocations


You had 4 spell levels left.
You knew the following spells:

 Your Spells              Type           Power      Damage    Failure   Level
a - Sandblast             Erth           14%        2d6       9%          1

Your spell library contained the following spells:

 Spells                   Type           Power      Damage    Failure   Level
 Passwall                 Tmut/Erth      3%         N/A       24%         2
 Leda's Liquefaction      Hex/Erth       2%         N/A       83%         4

Inventory:

Scrolls
 b - a scroll of enchant weapon {unknown}
 c - a scroll of fear {unknown}
 e - 3 scrolls of identify {unknown}
 f - a scroll of vulnerability {unknown}
 h - a scroll of teleportation {unknown}
Potions
 a - 2 potions of curing {@q1}
 d - a potion of degeneration {unknown}
 g - a potion of flight {unknown}
 i - a potion of attraction {unknown}
 j - a potion of heal wounds {unknown}

Dungeon Overview and Level Annotations

Branches:
Dungeon (2/15) Zot: 11136

Altars:
Ashenzari
Nemelex Xobeh

#..####.########.###
#..# #............#
....# #.############
.....# #.# .......#
#.# ........ #.#
.......## #.# ).
#†######## ...
##...@....# ...
#..s#####.# .. #...#
#.#####...#
#......>..#
##.######## #. #. #+


You could see a scorpion.


Message History

You barely miss the frilled lizard.
The frilled lizard completely misses you.
You scratch the frilled lizard but do no damage.
The frilled lizard bites you. 😮 HP[-1]
You take 1 damage, and now have 9/13 hp.
You scratch the frilled lizard but do no damage.
The frilled lizard closely misses you.
You miss the frilled lizard. Your bite misses the frilled lizard.
The frilled lizard bites you.
You miss the frilled lizard. The frilled lizard bites you. 😮 HP[-2]
You take 2 damage, and now have 7/13 hp.
You scratch the frilled lizard but do no damage.
The frilled lizard bites you but does no damage.
You closely miss the frilled lizard.
The frilled lizard unfolds its giant frill.
The frilled lizard completely misses you.
You scratch the frilled lizard. The frilled lizard misses you.
You scratch the frilled lizard.
You kill the frilled lizard! 😮 HP[+1]
You see here a frilled lizard corpse.
You start resting. 😎 HP[+5]
Your hp is fully restored (13).
You see here a frilled lizard corpse.
e - 3 scrolls labelled FEMUPR OPUA (gained 1) Key pressed, stopping explore.
You now have 83 gold pieces (gained 5).
Key pressed, stopping explore.
j - a bubbling golden potion
Found a stone staircase leading down.
No target in view!
You see here a +0 ring mail.
Found a stone staircase leading up.
A rat comes into view.
There is a stone staircase leading down here.
You can't go up here!
There is a stone staircase leading up here.
You climb upwards.
There is a stone staircase leading down here.
There is a faded altar of an unknown god here.
This altar belongs to (a) Makhleb, (b) Nemelex Xobeh or (c) Hepliaklqana, but you can't tell which.
Press the corresponding letter to learn more about a god, or press enter to convert or escape to cancel.
Nemelex Xobeh accepts your prayer! Nemelex Xobeh welcomes you!
You can now draw from decks of power.
Nemelex will now gift you decks of power as you gain piety.
There is a stone staircase leading down here.
You climb downwards.
There is a stone staircase leading up here.
Key pressed, stopping explore.
Key pressed, stopping explore.
Found a stone staircase leading down.
The rat closely misses you.
You scratch the rat. The rat misses you.
You scratch the rat.
You kill the rat!
No target in view!
No target in view!
No target in view!
You see here a rat corpse.
A scorpion comes into view.
A scorpion is nearby!
The scorpion misses you.
You completely miss the scorpion.
You bite the scorpion, but do no damage.
The scorpion closely misses you. The scorpion stings you.
You are lethally poisoned!
The scorpion poisons you! 😮 HP[-4]
You take 4 damage, and now have 9/13 hp.
MASSIVE DAMAGE!! (PAUSE)
You feel sick. 😮 HP[-2]
You take 2 damage, and now have 7/13 hp.
* * * LOW HITPOINT WARNING * * *
You feel sick. 😨 HP[-2]
You take 2 damage, and now have 5/13 hp.
* * * LOW HITPOINT WARNING * * *
You feel sick.
Unknown command.
* * * LOW HITPOINT WARNING * * *
You feel sick.
There is a stone staircase leading down here. 😱 HP[-2]
You take 2 damage, and now have 3/13 hp.
* * * LOW HITPOINT WARNING * * *
You feel sick. 😱 HP[-1]
You take 1 damage, and now have 2/13 hp.
* * * LOW HITPOINT WARNING * * *
You feel sick. 😱 HP[-1]
You take 1 damage, and now have 1/13 hp.
* * * LOW HITPOINT WARNING * * *
You feel sick.
You die...
Your body disappears without a glow.

Skill      XL: |  1 |
---------------+----+-----
Stealth        | 4 |  4.3
Fighting       | |  2.0
Dodging        | |  0.2
Spellcasting   | |  2.0
Earth Magic    | |  2.6
Evocations     | |  1.1

Action                     || total
---------------------------++-------
  Melee: Unarmed           ||    60
         Bite              ||     4
   Stab: Sleeping          ||     7
 Armour: Skin              ||     6
  Dodge: Dodged            ||    40

Levels and vault maps discovered:
D:1:      spicycebolla_arrival_ecumenical, layout_loops_ring,
          minmay_misc_feat_more_columns
D:2:      layout_basic, basic_altar

Notes
Turn   | Place    | Note
-------+----------+-------------------------------------------
     0 | D:1      | MackTheKnife the Felid Wanderer began the quest for the
                  | Orb.
     0 | D:1      | MackTheKnife set off with the following items: 2 potions of
                  | curing {@q1}; and the following spell memorised: Sandblast;
                  | and the following spells available to memorise: Passwall,
                  | Leda's Liquefaction.
     0 | D:1      | Reached XP level 1. HP: 9/9 MP: 4/4
     0 | D:1      | magus.rc [v1.9.6]
   435 | D:1      | Reached skill level 3 in Stealth
   717 | D:2      | Found a broken altar of Ashenzari.
   747 | D:2      | Reached skill level 4 in Stealth
   747 | D:2      | Reached XP level 2. HP: 13/13 MP: 6/6
   987 | D:1      | Prayed at the altar of an unknown god.
   987 | D:1      | Became a worshipper of Nemelex Xobeh the Trickster
   987 | D:1      | Reached * piety under Nemelex Xobeh
  1030 | D:2      | Noticed a scorpion
  1039 | D:2      | HP: 3/13 [poisoned by a scorpion]
  1042 | D:2      | HP: 1/13 [poisoned by a scorpion]
  1044 | D:2      | Succumbed to a scorpion's poison

Vanquished Creatures
  2 giant cockroaches
  A hobgoblin (D:2)
  3 kobolds
  2 ball pythons
  2 bats
  A frilled lizard (D:2)
  2 goblins
  2 rats (D:2)
15 creatures vanquished.

Table legend:
 A = Non-vault XP
 B = Vault XP
 C = Vault XP percentage of total XP
 D = Non-vault monster count
 E = Vault monster count
 F = Vault count percentage of total count
                 A         B        C        D         E       F
            +---------+---------+-------+---------+---------+-------
      Total |      23 |       0 |   0.0 |      15 |       0 |   0.0
            +---------+---------+-------+---------+---------+-------
        D:1 |       7 |       0 |   0.0 |       5 |       0 |   0.0
        D:2 |      16 |       0 |   0.0 |      10 |       0 |   0.0
            +---------+---------+-------+---------+---------+-------

Illustrated notes

Table legend:
 A = Kills in this place as a percentage of kills in entire the game.
 B = Kills by you in this place as a percentage of kills by you in the entire game.
 C = Kills by friends in this place as a percentage of kills by friends in the entire game.
 D = Other kills in this place as a percentage of other kills in the entire game.
 E = Experience gained in this place as a percentage of experience gained in the entire game.
 F = Experience gained in this place divided by the number of levels of this place that you have seen.
                   A       B       C       D       E      F
               +-------+-------+-------+-------+-------+----------------------
         Total | 100.0 | 100.0 |   N/A |   N/A | 100.0 |  11.5
       Dungeon | 100.0 | 100.0 |   N/A |   N/A | 100.0 |  11.5
               +-------+-------+-------+-------+-------+----------------------

Table legend: (Time is in decaauts)
 A = Elapsed time spent in this place.
 B = Non-inter-level travel time spent in this place.
 C = Inter-level travel time spent in this place.
 D = Time resting spent in this place.
 E = Time spent auto-exploring this place.
 F = Levels seen in this place.
 G = Mean time per level.
                   A        B        C        D        E       F      G
               +--------+--------+--------+--------+--------+-----+--------+
         Total |    863 |    855 |      8 |     20 |    644 |   2 |  431.5 |
       Dungeon |    863 |    855 |      8 |     20 |    644 |   2 |  431.5 |
               +--------+--------+--------+--------+--------+-----+--------+

Top non-repeatable levels by time:
     D:1: 577 daAuts
     D:2: 285 daAuts
